 Dungeon Crawl Stone Soup version 0.23-a0-625-g1d2cd9b (webtiles) character file.

231 Gorice the Chopper (level 5, -15/42 HPs)
             Began as a Demonspawn Wanderer on Dec 24, 2018.
             Demolished by an ogre
             ... wielding a +0 giant club
              (17 damage)
             ... on level 4 of the Dungeon.
             The game lasted 00:10:18 (3354 turns).

Gorice the Chopper (Demonspawn Wanderer)            Turns: 3354, Time: 00:10:18

Health: -15/42     AC:  9    Str: 15    XL:     5   Next: 73%
Magic:  6/6        EV:  9    Int: 14    God:
Gold:   241        SH:  0    Dex: 10    Spells: 6/6 levels left

rFire    . . .     SeeInvis .   a - +2 hand axe
rCold    . . .     Gourm    .   (no shield)
rNeg     . . .     Faith    .   n - +0 scale mail
rPois    .         Spirit   .   p - +0 helmet
rElec    .         Reflect  .   c - +0 cloak
rCorr    .         Harm     .   (no gloves)
MR       .....                  (no boots)
Stlth    ++........             (no amulet)
HPRegen  0.14/turn              (no ring)
MPRegen  0.10/turn              (no ring)

@: no status effects
A: rugged brown scales 1, nightstalker 2
a: no special abilities


You were on level 4 of the Dungeon.
You were not hungry.

You visited 1 branch of the dungeon, and saw 5 of its levels.

You collected 241 gold pieces.

Inventory:

Hand Weapons
 a - a +2 hand axe (weapon)
Missiles
 g - 13 bolts
 i - 35 sling bullets
 Y - 165 stones (quivered)
Armour
 b - a +0 ring mail
 c - a +0 cloak (worn)
 n - a +0 scale mail (worn)
 p - a +0 helmet (worn)
Scrolls
 l - a scroll of magic mapping {!r}
 m - a scroll of amnesia
 o - 3 scrolls of fog
Potions
 e - 5 potions of curing
 f - 2 potions of haste {!q}
 h - 2 potions of lignification {!q}
 j - 2 potions of heal wounds {!q}
 k - a potion of might {!q}
 s - a potion of ambrosia
Comestibles
 d - 4 rations
 q - a chunk of flesh


   Skills:
 - Level 3.0 Fighting
 * Level 5.3 Axes
 - Level 1.0 Armour
   Level 1.0 Shields
 - Level 1.0 Spellcasting
   Level 1.7 Fire Magic
   Level 1.0 Evocations


You had 6 spell levels left.
You didn't know any spells.
Your spell library contained the following spells:

 Spells                   Type           Power        Failure   Level  Hunger
 Confusing Touch          Hex            #.....       71%         1    ##.....
 Tukima's Dance           Hex            #.......     97%         3    ####...


Dungeon Overview and Level Annotations

Branches:
Dungeon (5/15)
 Temple: D:4-7

Altars:
Gozag
Nemelex Xobeh
Trog
The Shining One

Annotations:
D:3 Grinder, Ijyb


Innate Abilities, Weirdness & Mutations

You are partially covered in rugged brown scales. (AC +1, +3% HP)
You are significantly more attuned to the shadows.


Message History

The giant cockroach is moderately wounded.
The giant cockroach barely misses you.
You barely miss the giant cockroach.
The giant cockroach is moderately wounded.
The giant cockroach bites you but does no damage.
The giant cockroach barely misses you.
You barely miss the giant cockroach.
The giant cockroach is moderately wounded.
The giant cockroach bites you but does no damage.
You barely miss the giant cockroach. The giant cockroach barely misses you.
You closely miss the giant cockroach.
The giant cockroach bites you but does no damage.
You hit the giant cockroach.
You kill the giant cockroach!
You are feeling very hungry.
No target in view!
You see here a giant cockroach corpse.
You butcher the giant cockroach corpse.
q - 2 chunks of flesh Eating one of 2 chunks of flesh.
You eat one of the 2 chunks of flesh.
This raw flesh tastes terrible.
There is a stone staircase leading down here.
There is a stone staircase leading down here.
You climb downwards.
A quokka comes into view.
The ogre closely misses you.
There is a stone staircase leading up here.
Unknown command.
You hit the ogre but do no damage.
The ogre hits you with a +0 giant club!!
Damage: 20 (max 20)
You hit the ogre.
The ogre is lightly wounded.
The ogre closely misses you.
You hit the ogre.
The ogre is moderately wounded.
The quokka bites you.
* * * LOW HITPOINT WARNING * * *
Damage: 3 (max 20)
You are too injured to fight recklessly!
You are too injured to fight recklessly!
The ogre hits you with a +0 giant club!
* * * LOW HITPOINT WARNING * * *
The quokka bites you.
* * * LOW HITPOINT WARNING * * *
You climb upwards.
There is a stone staircase leading down here.
Damage: 17 (max 20)
The ogre hits you with a +0 giant club!
You die...

#################################
................../..............
..[............#...#.............
...............#@..#.............
..............>+>O.#.............
...............#r..#.............
...............#...#.............
##.##.........###..####.....##...
#####....#....###..####.....##...
.................................
...+........................#....
...#..).....................'....


You could see an ogre and a quokka.

Vanquished Creatures
  A crimson imp (D:4)
  A hound (D:4)
  Crazy Yiuf (D:3)
  Jessica (D:3)
  3 adders
  A shadow imp (D:3)
  A worm (D:2)
  3 dart slugs (D:1)
  4 leopard geckos
  4 orcs
  A ball python (D:4)
  2 giant cockroaches
  8 goblins
  7 hobgoblins
  4 jackals (D:1)
  2 bats (D:1)
  2 frilled lizards
  3 hobgoblin zombies (D:4)
  5 kobolds
  2 kobold skeletons (D:4)
  A kobold zombie (D:4)
  An orc skeleton (D:4)
  An orc zombie (D:4)
  7 rats
66 creatures vanquished.

Notes
Turn   | Place    | Note
-------+----------+-------------------------------------------
     0 | D:1      | Gorice the Demonspawn Wanderer began the quest for the Orb.
     0 | D:1      | Gorice set off with the following items: a +2 hand axe, a
                  | +0 ring mail, a ration; and the following spell memorised:
                  | Confusing Touch; and the following spells available to
                  | memorise: Tukima's Dance
     0 | D:1      | Reached XP level 1. HP: 18/18 MP: 2/2
   125 | D:1      | Reached skill level 2 in Axes
   125 | D:1      | Gained mutation: You are slightly more attuned to the
                  | shadows. [demonic ancestry]
   125 | D:1      | Reached XP level 2. HP: 24/24 MP: 3/3
   587 | D:1      | Gained mutation: You are partially covered in rugged brown
                  | scales. (AC +1, +3% HP) [demonic ancestry]
   587 | D:1      | Reached XP level 3. HP: 23/29 MP: 4/4
   826 | D:1      | Reached skill level 3 in Axes
  1239 | D:2      | Found a sparkling altar of Nemelex Xobeh.
  1670 | D:3      | Reached XP level 4. HP: 33/36 MP: 5/5
  1724 | D:3      | Noticed Jessica
  1936 | D:2      | Reached skill level 4 in Axes
  1983 | D:3      | Killed Jessica
  2054 | D:3      | Noticed Ijyb
  2140 | D:3      | Noticed Grinder
  2394 | D:3      | Found a runed door.
  2398 | D:3      | Noticed Crazy Yiuf
  2407 | D:3      | Killed Crazy Yiuf
  2407 | D:3      | Gained mutation: You are significantly more attuned to the
                  | shadows. [demonic ancestry]
  2407 | D:3      | Reached XP level 5. HP: 17/42 MP: 6/6
  2824 | D:4      | Found an opulent altar of Gozag.
  3077 | D:4      | Reached skill level 5 in Axes
  3083 | D:4      | Found a glowing golden altar of the Shining One.
  3227 | D:4      | Found a bloodstained altar of Trog.
  3317 | D:5      | Entered Level 5 of the Dungeon
  3317 | D:5      | Noticed an ogre
  3352 | D:5      | HP: 3/42 [ogre/+0 giant club (16)]
  3354 | D:4      | Demolished by an ogre

Vault maps used:
D:1:      wander_arrival_fairy_ring, serial_bayou, serial_bayou_pond_d,
          serial_bayou_pond_c, serial_bayou_shore_a, serial_bayou_lake_a
D:2:      overflow_temple_1_default, first_ration
D:3:      uniq_grinder, uniq_jessica, uniq_crazy_yiuf_cottage, uniq_ijyb
D:4:      lightli_temple_of_fire, grunt_gozag_statues,
          nicolae_tso_besieged_by_evil
D:5:      overflow_temple_1_default, kennysheep_mini_moat, serial_undead,
          serial_undead_d, serial_undead_d, serial_undead_a, serial_undead_d,
          hangedman_decor_growths, uniq_duvessa, uniq_eustachio, uniq_pikel

Skill      XL: |  1  2  3  4  5 |
---------------+----------------+-----
Axes           | 2 3 4 5 |  5.3
Fighting       | |  3.0
Armour         | |  1.0
Shields        | |  1.0
Spellcasting   | |  1.0
Fire Magic     | |  1.7
Evocations     | |  1.0

Action                   |  1- 3 |  4- 6 || total
-------------------------+-------+-------++-------
Melee: Hand axe          |   117 |   121 ||   238
Throw: Stone             |       |     2 ||     2
  Use: Scroll            |     6 |     6 ||    12
 Stab: Sleeping          |     2 |     3 ||     5
  Eat: Chunk             |     2 |     6 ||     8
Armor: Ring mail         |    52 |    23 ||    75
       Scale mail        |       |    26 ||    26
Dodge: Dodged            |    58 |    39 ||    97

Table legend:
 A = Non-vault XP
 B = Vault XP
 C = Vault XP percentage of total XP
 D = Non-vault monster count
 E = Vault monster count
 F = Vault count percentage of total count
                 A         B        C        D         E       F
            +---------+---------+-------+---------+---------+-------
      Total |     196 |     135 |  40.8 |      55 |      11 |  16.7
            +---------+---------+-------+---------+---------+-------
        D:1 |      54 |       0 |   0.0 |      26 |       0 |   0.0
        D:2 |      48 |       0 |   0.0 |      12 |       0 |   0.0
        D:3 |      48 |      77 |  61.6 |      14 |       2 |  12.5
        D:4 |      46 |      58 |  55.8 |       3 |       9 |  75.0
            +---------+---------+-------+---------+---------+-------

Table legend:
 A = Turns spent in this place as a percentage of turns spent in the entire game.
 B = Non-inter-level travel turns spent in this place as a percentage of non-inter-level travel turns spent in the entire game.
 C = Inter-level travel turns spent in this place as a percentage of turns spent in this place.
 D = Turns resting spent in this place as a percentage of non-inter-level travel turns spent in this place.
 E = Turns spent auto-exploring this place as a percentage of non-inter-level travel turns spent in this place.
 F = Non-inter-level travel turns spent in this place divided by the number of levels of this place that you've seen.
                   A       B       C       D       E      F
               +-------+-------+-------+-------+-------+----------------------
         Total | 100.0 | 100.0 |   4.4 |  12.2 |  61.7 | 641.4
       Dungeon | 100.0 | 100.0 |   4.4 |  12.2 |  61.7 | 641.4
               +-------+-------+-------+-------+-------+----------------------

Vault maps used:
D:1:      wander_arrival_fairy_ring, serial_bayou, serial_bayou_pond_d,
          serial_bayou_pond_c, serial_bayou_shore_a, serial_bayou_lake_a
D:2:      overflow_temple_1_default, first_ration
D:3:      uniq_grinder, uniq_jessica, uniq_crazy_yiuf_cottage, uniq_ijyb
D:4:      lightli_temple_of_fire, grunt_gozag_statues,
          nicolae_tso_besieged_by_evil
D:5:      overflow_temple_1_default, kennysheep_mini_moat, serial_undead,
          serial_undead_d, serial_undead_d, serial_undead_a, serial_undead_d,
          hangedman_decor_growths, uniq_duvessa, uniq_eustachio, uniq_pikel
